 Dungeon Crawl Stone Soup version 0.22.1-2-g9c5b331 (webtiles) character file.

136 whitewolfNL the Cudgeler (level 4, 0/40 HPs)
             Began as a Minotaur Berserker on Dec 4, 2018.
             Was a Believer of Trog.
             Succumbed to a worker ant's poison
             ... on level 3 of the Dungeon.
             The game lasted 00:07:01 (2863 turns).

whitewolfNL the Cudgeler (Minotaur Berserker)       Turns: 2863, Time: 00:07:01

Health: 0/40       AC:  1    Str: 22    XL:     4   Next: 98%
Magic:  3/3        EV: 12    Int:  5    God:    Trog [**....]
Gold:   126        SH:  5    Dex:  9    Spells: 3/3 levels left

rFire    . . .     SeeInvis .   e - +0 spear (curse)
rCold    + . .     Gourm    .   i - +2 buckler {rC+}
rNeg     + . .     Faith    .   d - -1 robe (curse)
rPois    .         Spirit   .   (helmet restricted)
rElec    .         Reflect  .   (no cloak)
rCorr    .         Harm     .   (no gloves)
MR       .....                  (no boots)
Stlth    +.........             (no amulet)
HPRegen  0.13/turn              k - ring of positive energy
MPRegen  0.08/turn              (no ring)

@: lethally poisoned (0 -> -3)
A: retaliatory headbutt, horns 2
a: Berserk, Trog's Hand, Renounce Religion


You were on level 3 of the Dungeon.
You worshipped Trog.
Trog was pleased with you.
You were hungry.

You visited 1 branch of the dungeon, and saw 3 of its levels.

You collected 126 gold pieces.

Inventory:

Hand Weapons
 a - a +0 mace
 e - a cursed +0 spear (weapon)
Missiles
 f - 6 javelins (quivered)
 h - 60 sling bullets
 l - 13 bolts
Armour
 b - a +0 animal skin
 d - a cursed -1 robe (worn)
 i - a +2 buckler of cold resistance (worn)
Jewellery
 k - a ring of positive energy (left hand)
Scrolls
 g - a scroll of immolation {unknown}
 j - a scroll of enchant armour
 r - 2 scrolls of teleportation
 s - a scroll of enchant weapon {unknown}
 t - a scroll of remove curse
Potions
 n - a potion of degeneration {unknown}
 o - a potion of lignification {unknown}
 p - a potion of brilliance {unknown}
 q - a potion of might {unknown}
Comestibles
 c - 3 rations
 m - 4 chunks of flesh


   Skills:
 + Level 4.2 Fighting
 * Level 4.6 Maces & Flails
 + Level 1.8 Polearms
 * Level 3.0 Armour
 * Level 3.1 Dodging
 * Level 1.2 Stealth
 * Level 0.7 Shields


You had 3 spell levels left.
You didn't know any spells.
Your spell library was empty.

Dungeon Overview and Level Annotations

Branches:
Dungeon (3/15)

Altars:
Dithmenos
Yredelemnul


Innate Abilities, Weirdness & Mutations

You reflexively headbutt those who attack you in melee.
You have a pair of horns on your head.


Message History

You headbutt the worker ant, but do no damage.
The worker ant is almost dead.
You feel sick. The worker ant barely misses you. You furiously retaliate!
You headbutt the worker ant.
You kill the worker ant!
Trog accepts your kill.
You see here a worker ant corpse.
You butcher the worker ant corpse.
You see here 3 chunks of flesh.
As you read the scroll of identify, it crumbles to dust.
t - a scroll of remove curse You feel sick.
The adder bites you.
* * * LOW HITPOINT WARNING * * *
You barely miss the adder. The adder bites you.
* * * LOW HITPOINT WARNING * * *
You hit the adder. Your headbutt misses the adder.
The adder is moderately wounded.
The adder misses you. The adder bites you.
* * * LOW HITPOINT WARNING * * *
You die...

.........##..# #.#
#.#.#
......##########.#
#.#.. #....##
≈≈≈≈≈≈≈### #+####
##..##≈≈......≈≈##
#####≈≈........≈≈##
####≈≈.......?..≈≈##
.##≈≈............≈≈##
.#≈≈....≈≈≈≈≈≈....≈≈#
.#≈....≈.♣ ♣.S%@..≈#
.#≈....≈♣ ♣♣≈....≈#
.'.....≈♣ ♣≈....≈#
.'.....≈♣ ♣≈....≈#
##≈÷...≈♣♣ ♣♣≈....≈#
#≈....≈.♣♣♣♣.≈....≈#
#≈≈....≈≈≈≈≈≈....≈≈#
##≈≈.........)..≈≈##
###≈≈..........≈≈##


You could see an adder.

Vanquished Creatures
  A worker ant (D:3)
  4 adders (D:3)
  An ooze (D:2)
  2 dart slugs
  An orc (D:3)
  4 giant cockroaches (D:3)
  5 goblins
  8 hobgoblins
  15 jackals
  A quokka (D:3)
  6 bats
  2 frilled lizards
  6 kobolds
  7 rats
63 creatures vanquished.

Notes
Turn   | Place    | Note
-------+----------+-------------------------------------------
     0 | D:1      | whitewolfNL the Minotaur Berserker began the quest for the
                  | Orb.
     0 | D:1      | Reached XP level 1. HP: 19/19 MP: 0/0
   215 | D:1      | Reached XP level 2. HP: 27/27 MP: 1/1
  1079 | D:2      | Found a basalt altar of Yredelemnul.
  1126 | D:2      | Reached XP level 3. HP: 33/33 MP: 2/2
  1160 | D:2      | Reached ** piety under Trog
  1664 | D:2      | Found a shadowy altar of Dithmenos.
  2222 | D:3      | Reached skill level 1 in Polearms
  2294 | D:3      | Reached XP level 4. HP: 40/40 MP: 3/3
  2786 | D:3      | Reached skill level 1 in Stealth
  2862 | D:3      | HP: 1/40 [adder (5)]
  2863 | D:3      | Succumbed to a worker ant's poison

Skill      XL: |  1  2  3  4 |
---------------+-------------+-----
Maces & Flails | 4 |  4.6
Fighting       | 4 |  4.2
Polearms       | 1 |  1.8
Armour         | 3 |  3.0
Dodging        | 3 |  3.1
Stealth        | 1 |  1.2
Shields        | |  0.7

Action                   |  1- 3 |  4- 6 || total
-------------------------+-------+-------++-------
Melee: Mace              |     7 |       ||     7
       Headbutt          |    15 |     3 ||    18
       Spear             |   102 |    40 ||   142
Invok: Berserk           |     3 |     1 ||     4
  Use: Scroll            |     2 |     1 ||     3
 Stab: Sleeping          |     1 |     2 ||     3
  Eat: Chunk             |     7 |     2 ||     9
Armor: Animal skin       |     2 |       ||     2
       Robe              |    11 |     1 ||    12
Dodge: Dodged            |    89 |    24 ||   113
Block: Buckler           |    13 |    13 ||    26
